 Dungeon Crawl Stone Soup version 0.21.0-25-ge575cb9ce8 (webtiles) character file.

23150 cyrilmardrake the Tainter (level 12, -10/87 HPs)
             Began as a Demonspawn Venom Mage on Jan 21, 2018.
             Was the Champion of Makhleb.
             Shot with an arrow by Nessos (26 damage)
             ... on level 14 of the Dungeon on Jan 23, 2018.
             The game lasted 03:34:56 (18486 turns).

cyrilmardrake the Tainter (Demonspawn Venom Mage)  Turns: 18486, Time: 03:34:57

Health: -10/87     AC: 15    Str: 13    XL:     12   Next: 69%
Magic:  15/25      EV: 19    Int: 27    God:    Makhleb [******]
Gold:   1697       SH:  0    Dex: 21    Spells: 6/30 levels left

rFire    + . .     SeeInvis +   f - staff of wizardry
rCold    . . .     Gourm    .   (no shield)
rNeg     + . .     Faith    +   I - +2 ring mail "Jol Nots" {*Drain rF+ rN+ MR+}
rPois    .         Spirit   .   E - +2 helmet {SInv}
rElec    .         Reflect  .   n - +2 cloak
rCorr    .         Harm     .   (gloves unavailable)
MR       ++...                  (no boots)
Stlth    ++++......             J - amulet of faith
HPRegen  0.24/turn              w - ring of wizardry
MPRegen  0.19/turn              l - ring of protection from magic

@: mighty, brilliant, agile, lethally poisoned (-10 -> -18), about to teleport
A: claws 3, thin skeletal structure 1, demonic guardian 2, powered by pain 2
a: Minor Destruction, Lesser Servant of Makhleb, Major Destruction, Greater
Servant of Makhleb, Renounce Religion


You were on level 14 of the Dungeon.
You worshipped Makhleb.
Makhleb was exalted by your worship.
You were not hungry.

You visited 1 branch of the dungeon, and saw 14 of its levels.
You also visited: Bailey.

You collected 1697 gold pieces.

Inventory:

Hand Weapons
 a - a +4 quarterstaff of chaos
 d - a +3 dagger of venom
 i - a +1 short sword of speed
 F - a +4 dagger
 G - a +0 scimitar of flaming
 L - a +0 dagger of freezing
 P - the cursed +1 long sword of Might {protect, rF++}
   (You found it on level 14 of the Dungeon)

   It protects the one who uses it against injury (+AC on strike).
   It greatly protects you from fire.
   It has a curse placed upon it.
 U - a +3 vampiric demon trident
Missiles
 p - 5 tomahawks of returning (quivered)
 r - 145 arrows
Armour
 n - a +2 cloak (worn)
 y - a +0 troll leather armour
 z - the +4 ring mail of Heresy {Slay+3 SInv}
   (You found it on level 11 of the Dungeon)

   It affects your accuracy and damage with ranged weapons and melee attacks
   (+3).
   It lets you see invisible.
 E - a +2 helmet of see invisible (worn)
 I - the +2 ring mail "Jol Nots" (worn) {*Drain rF+ rN+ MR+}
   (You found it on level 6 of the Dungeon)

   It protects you from fire.
   It protects you from negative energy.
   It affects your resistance to hostile enchantments.
   It causes draining when unequipped.
 Q - the +0 ring mail "Juest" {rF++}
   (You found it on level 8 of the Dungeon)

   It greatly protects you from fire.
 V - a +4 chain mail
Magical Staves
 f - an uncursed staff of wizardry (weapon)
 q - an uncursed staff of fire
 t - an uncursed staff of summoning
Jewellery
 k - a +3 ring of strength
 l - a ring of protection from magic (right claw)
 m - a +2 amulet of reflection
 w - a ring of wizardry (left claw)
 J - an amulet of faith (around neck)
 R - a +4 ring of strength
Wands
 e - a wand of acid (15)
 g - a wand of flame (72)
 j - a wand of clouds (2)
 o - a wand of paralysis (9)
 s - a wand of polymorph (20)
 v - a wand of disintegration (2)
 H - a wand of digging (11)
 K - a wand of random effects (23)
Scrolls
 h - 7 scrolls of remove curse
 u - 3 scrolls of amnesia
 x - a scroll of fog
 A - a scroll of enchant armour
 B - 2 scrolls of teleportation
 Y - a scroll of enchant weapon
Potions
 D - a potion of brilliance
 S - a potion of flight
 X - a potion of agility
Books
 b - a Young Poisoner's Handbook

   Spells                             Type                      Level
   a - Sting                          Conjuration/Poison           1
   b - Poisonous Vapours              Poison/Air                   2
   c - Mephitic Cloud                 Conjuration/Poison/Air       3
   d - Olgreb's Toxic Radiance        Poison                       4
   e - Venom Bolt                     Conjuration/Poison           5
 N - a book of Maledictions

   Spells                             Type                      Level
   a - Corona                         Hexes                        1
   b - Ensorcelled Hibernation        Hexes/Ice                    2
   c - Confuse                        Hexes                        3
   d - Tukima's Dance                 Hexes                        3
   e - Dazzling Spray                 Conjuration/Hexes            3
 O - a book of Necromancy

   Spells                             Type                      Level
   a - Pain                           Necromancy                   1
   b - Animate Skeleton               Necromancy                   1
   c - Vampiric Draining              Necromancy                   3
   d - Regeneration                   Charms/Necromancy            3
   e - Animate Dead                   Necromancy                   4
   f - Borgnjor's Vile Clutch         Necromancy/Earth             5
 W - a book of Battle

   Spells                             Type                      Level
   a - Infusion                       Charms                       1
   b - Shroud of Golubria             Charms/Translocation         2
   c - Song of Slaying                Charms                       2
   d - Spectral Weapon                Hexes/Charms                 3
   e - Regeneration                   Charms/Necromancy            3
Comestibles
 c - a ration


   Skills:
 + Level 5.7 Fighting
   Level 1.7(4.9) Maces & Flails
 + Level 7.2(7.3) Staves
 + Level 1.8 Throwing
 + Level 6.6 Armour
 + Level 4.9 Dodging
 + Level 5.0 Stealth
 + Level 9.8 Spellcasting
 + Level 5.6 Conjurations
 + Level 2.4 Hexes
 + Level 0.7 Charms
 + Level 1.2 Necromancy
 + Level 0.7 Air Magic
 + Level 10.2 Poison Magic
 + Level 1.5 Invocations
 + Level 2.6 Evocations


You had 6 spell levels left.
You knew the following spells:

 Your Spells              Type           Power        Failure   Level  Hunger
a - Sting                 Conj/Pois      ####         1%          1    None
b - Poisonous Vapours     Pois/Air       ######       1%          2    None
c - Mephitic Cloud        Conj/Pois/Air  ######..     1%          3    None
d - Olgreb's Toxic Radia  Pois           ######..     1%          4    None
e - Tukima's Dance        Hex            #####...     1%          3    None
f - Dazzling Spray        Conj/Hex       ######       1%          3    None
g - Regeneration          Chrm/Necr      #####.....   1%          3    None
h - Venom Bolt            Conj/Pois      ######....   1%          5    ####...


Dungeon Overview and Level Annotations

Branches:
Dungeon (14/15)              Lair (0/6) D:8             Orc (0/2) D:9
 Temple: D:4-7       Vaults: D:13-14

Altars:
Cheibriados
Dithmenos
Elyvilon
Fedhas
Gozag
Hepliaklqana
Makhleb
Nemelex Xobeh
Ru
Sif Muna
Trog
Uskayaw
Yredelemnul

Shops:
D:10 [

Portals:
Trove: D:11 (give 15 potions of curing)

Annotations:
D:6 hofbold's ghost, novice HuFi
D:14 Nessos


Innate Abilities, Weirdness & Mutations

You have claws for hands.
You have a somewhat thin skeletal structure. (Dex +2, Stealth)
A demonic guardian rushes to your aid.
You sometimes gain power by taking damage.


Message History

Your toxic aura wanes.
You feel sick.
Nessos blinks!
The vampire mosquito barely misses you.
Your orange demon stings the red ugly thing!
Your orange demon hits the red ugly thing.
The purple ugly thing gores your orange demon!
Your orange demon dies!
The vampire mosquito misses you.
You feel sick. The vampire mosquito bites you.
* * * LOW HITPOINT WARNING * * *
The vampire mosquito draws strength from your injuries!
The vampire mosquito buzzes angrily.
The white ugly thing basks in the mutagenic energy from its kin and changes!
The vampire mosquito bites you.
* * * LOW HITPOINT WARNING * * *
You feel sick.
Nessos stands on his hind legs for a moment.
Nessos blinks!
The vampire mosquito bites you but does no damage.
Nessos shoots an arrow.
The arrow hits you!!
You die...

#.....# #.u... #...u
#.u.#####'####....#
#.uu#........#....#
#.(u#........#....#
#4u.#........#..).#
#.yu#........#..).#
#######..@#........'..).##
.....y.c...........#....(.
......................)...
P.P.P...P.P.P...P....†...
.
..................()......
.
..............(...........
.
......................(...
P
.P.P...P.P.P...P......(.##
.
..................##.(.(#


You could see Nessos (inner flame), 8 ugly things, 2 vampire mosquitoes and a
friendly orange demon.

Vanquished Creatures
  Kirke (D:12)
  The ghost of zetsub0u the Cleaver, a journeyman HOFi of Gozag (D:12)
  A hydra (D:12)
  4 two-headed ogres
  An unseen horror (D:11)
  2 orc knights (Bailey)
  4 ugly things
  An efreet (D:13)
  A kobold demonologist (D:13)
  3 meliai (D:14)
  A merfolk (D:10)
  A troll (D:13)
  Grinder (D:3)
  2 slime creatures (D:13)
  A hippogriff (D:8)
  A hornet (D:9)
  Sigmund (D:2)
  A vampire (D:14)
  2 wraiths
  6 yaks
  4 hogs (D:12)
  A wyvern (D:7)
  2 hungry ghosts
  The ghost of GuyWithAPlan the Insei, an amateur OpTm of Gozag (D:4)
  Edmund (D:4)
  A porcupine (D:8)
  15 orc warriors
  4 sky beasts
  A phantom (D:13)
  2 ogres (D:10)
  2 eyes of draining
  5 ice beasts
  2 black bears (D:8)
  3 wolves (D:10)
  2 centaurs
  3 crocodiles
  Blork the orc (D:4)
  2 big kobolds
  4 bullfrogs
  A gnoll sergeant (D:11)
  A water moccasin skeleton (D:8)
  2 scorpions
  4 killer bees (D:8)
  4 crimson imps
  3 centaur zombies
  3 jellies (D:10)
  3 quasits
  Crazy Yiuf (D:3)
  A bullfrog skeleton (D:10)
  2 orc priests
  3 centaur skeletons
  4 hounds
  6 orc wizards
  An iron imp (D:8)
  Jessica (D:2)
  5 iguanas
  Ijyb (D:3)
  Terence (D:3)
  7 worker ants
  A killer bee zombie (D:8)
  A hound zombie (D:11)
  2 worker ant zombies
  Robin (D:4)
  5 gnolls (D:11)
  2 adders
  10 river rats (D:5)
  3 shadow imps
  3 adder zombies
  2 worms
  A dart slug (D:3)
  5 leopard geckos
  30 orcs
  7 bats
  4 giant cockroaches
  8 goblins
  6 hobgoblins
  4 jackals (D:7)
  17 kobolds
  14 quokkas
  A ball python (D:2)
  3 frilled lizards
  A quokka skeleton (D:7)
  A quokka zombie (D:5)
  23 rats
301 creatures vanquished.

Vanquished Creatures (collateral kills)
  Snorg (D:11)
  Erolcha (D:13)
  A two-headed ogre (D:12)
  An ugly thing (D:13)
  Psyche (D:8)
  A gargoyle (D:13)
  A centaur skeleton (D:13)
  2 kobold demonologists (D:13)
  4 slime creatures (D:13)
  4 yaks
  A wyvern (D:12)
  Grum (D:10)
  4 vampire mosquitoes (D:12)
  A water moccasin (D:11)
  A black bear (D:11)
  An ogre (D:12)
  A scorpion (D:13)
  2 crimson imps (D:13)
  An orc priest (D:10)
  A jelly (D:9)
  A bullfrog skeleton (D:12)
  An iguana (D:8)
  A shadow imp (D:12)
34 creatures vanquished.

Vanquished Creatures (others)
  A human (D:12)
  A bullfrog skeleton (D:13)
  A fungus (D:8)
3 creatures vanquished.

Grand Total: 338 creatures vanquished

Notes
Turn   | Place    | Note
-------+----------+-------------------------------------------
     0 | D:1      | cyrilmardrake the Demonspawn Venom Mage began the quest for the Orb.
     0 | D:1      | Reached XP level 1. HP: 13/13 MP: 3/3
   703 | D:2      | Noticed Jessica
   712 | D:2      | Killed Jessica
   712 | D:2      | Gained mutation: You have sharp fingernails. [demonic ancestry]
   712 | D:2      | Reached XP level 2. HP: 19/19 MP: 0/5
   712 | D:2      | Reached XP level 3. HP: 24/24 MP: 0/6
   771 | D:2      | Learned a level 2 spell: Poisonous Vapours
   775 | D:2      | Learned a level 3 spell: Mephitic Cloud
  1025 | D:2      | Noticed a scorpion
  1260 | D:2      | Noticed Sigmund
  1273 | D:2      | Killed Sigmund
  1273 | D:2      | Reached skill level 4 in Poison Magic
  1273 | D:2      | Reached XP level 4. HP: 7/30 MP: 0/8
  1273 | D:2      | Gained mutation: You have a somewhat thin skeletal structure. (Dex +2, Stealth) [demonic ancestry]
  1273 | D:2      | Reached XP level 5. HP: 8/35 MP: 0/9
  2012 | D:3      | Reached XP level 6. HP: 33/41 MP: 3/11
  2078 | D:3      | Learned a level 4 spell: Olgreb's Toxic Radiance
  2080 | D:3      | Found a burning altar of Makhleb.
  2096 | D:3      | Became a worshipper of Makhleb the Destroyer
  2132 | D:3      | Noticed Ijyb
  2147 | D:3      | Killed Ijyb
  2155 | D:3      | Noticed Grinder
  2168 | D:3      | Paralysed by Grinder for 2 turns
  2183 | D:3      | Killed Grinder
  2183 | D:3      | Reached skill level 1 in Maces & Flails
  2183 | D:3      | Reached skill level 5 in Poison Magic
  2414 | D:3      | Noticed Terence
  2415 | D:3      | Killed Terence
  2415 | D:3      | Gained mutation: You have very sharp fingernails. [demonic ancestry]
  2415 | D:3      | Reached XP level 7. HP: 47/47 MP: 12/12
  3448 | D:3      | Found a runed door.
  3452 | D:3      | Noticed Crazy Yiuf
  3461 | D:3      | Killed Crazy Yiuf
  3461 | D:3      | Reached * piety under Makhleb
  3645 | D:3      | Found a sacrificial altar of Ru.
  3749 | D:4      | Found a white marble altar of Elyvilon.
  3841 | D:4      | Noticed Robin
  3847 | D:4      | Killed Robin
  3881 | D:4      | Noticed GuyWithAPlan's ghost (amateur OpTm)
  3901 | D:4      | Killed GuyWithAPlan's ghost
  3901 | D:4      | Reached skill level 1 in Throwing
  3925 | D:4      | Found a blossoming altar of Fedhas.
  3941 | D:4      | Noticed Blork the orc
  3959 | D:4      | Killed Blork the orc
  4175 | D:4      | Noticed Edmund
  4185 | D:4      | Killed Edmund
  4185 | D:4      | Reached skill level 1 in Fighting
  4185 | D:4      | Reached skill level 1 in Evocations
  4518 | D:5      | Entered Level 5 of the Dungeon
  5034 | D:5      | Reached skill level 5 in Spellcasting
  5034 | D:5      | Gained mutation: You sometimes gain a little power by taking damage. [demonic ancestry]
  5034 | D:5      | Reached XP level 8. HP: 54/54 MP: 11/15
  5556 | D:5      | Reached skill level 6 in Poison Magic
  5646 | D:5      | Reached skill level 1 in Staves
  5769 | D:5      | Reached ** piety under Makhleb
  6020 | D:6      | Noticed hofbold's ghost (novice HuFi)
  6035 | D:6      | Got a warped ring mail
  6370 | D:7      | Identified the +2 ring mail "Jol Nots" {*Drain rF+ rN+ MR+} (You found it on level 6 of the Dungeon)
  7027 | D:7      | Learned a level 3 spell: Tukima's Dance
  7033 | D:7      | Found a hide-covered altar of Uskayaw.
  7043 | D:7      | Learned a level 3 spell: Dazzling Spray
  7109 | D:7      | Found an opulent altar of Gozag.
  7109 | D:7      | Found a sparkling altar of Nemelex Xobeh.
  7531 | D:8      | Reached skill level 1 in Armour
  7603 | D:8      | Reached *** piety under Makhleb
  7603 | D:8      | Gained mutation: A weak demonic guardian rushes to your aid. [demonic ancestry]
  7603 | D:8      | Reached XP level 9. HP: 58/62 MP: 4/18
  7603 | D:8      | Reached skill level 1 in Invocations
  7787 | D:8      | Learned a level 3 spell: Regeneration
  7788 | D:8      | Found a staircase to the Lair.
  7824 | D:8      | Got a translucent ring mail
  7970 | D:8      | Found a snail-covered altar of Cheibriados.
  8233 | D:8      | Reached skill level 1 in Hexes
  8287 | D:8      | Identified the +0 ring mail "Juest" {rF++} (You found it on level 8 of the Dungeon)
  8298 | D:8      | Noticed a two-headed ogre
  8317 | D:8      | Killed a two-headed ogre
  8317 | D:8      | Reached skill level 7 in Poison Magic
  8583 | D:8      | Found a bloodstained altar of Trog.
  8940 | D:8      | Found a deep blue altar of Sif Muna.
  8940 | D:8      | Noticed a two-headed ogre
  8945 | D:8      | Found a basalt altar of Yredelemnul.
  8958 | D:8      | Killed a two-headed ogre
  8958 | D:8      | Gained mutation: You have claws for hands. [demonic ancestry]
  8958 | D:8      | Reached XP level 10. HP: 34/71 MP: 7/20
  9128 | D:8      | Found a hazy altar of Hepliaklqana.
  9158 | D:8      | Upgraded the game from 0.21.0-24-g2553a3340b to 0.21.0-25-ge575cb9ce8
  9187 | D:8      | Noticed Maurice
  9198 | D:8      | Noticed Maurice
  9198 | D:8      | Maurice changed into Maurice the swamp drake
  9203 | D:8      | Noticed Maurice
  9203 | D:8      | Maurice the swamp drake changed into Maurice the worm
  9210 | D:8      | Killed Maurice the worm
  9235 | D:8      | Noticed Psyche
  9250 | D:8      | Killed Psyche
  9250 | D:8      | Reached skill level 1 in Necromancy
  9628 | D:9      | Found a staircase to the Orcish Mines.
  9642 | D:9      | Noticed a rakshasa
 10275 | D:10     | Entered Level 10 of the Dungeon
 10279 | D:10     | Reached **** piety under Makhleb
 10788 | D:10     | Reached skill level 5 in Staves
 10818 | D:10     | Noticed Grum
 10824 | D:10     | Reached skill level 8 in Poison Magic
 10827 | D:10     | Killed Grum
 10959 | D:10     | Found Fanwott's Antique Armour Emporium.
 11536 | D:11     | Found a portal to a secret trove of treasure.
 11721 | D:11     | Found a flagged portal.
 11731 | Bailey   | Entered a bailey
 11733 | Bailey   | Noticed an orc knight
 11734 | Bailey   | Noticed an orc knight
 11735 | Bailey   | Reached ***** piety under Makhleb
 11742 | Bailey   | Gained mutation: A demonic guardian rushes to your aid. [demonic ancestry]
 11742 | Bailey   | Reached XP level 11. HP: 54/78 MP: 3/22
 11767 | Bailey   | Killed an orc knight
 11775 | Bailey   | Killed an orc knight
 12519 | D:11     | Got a dazzling ring mail
 12670 | D:11     | Found a sacrificial altar of Ru.
 12688 | D:11     | Noticed an unseen horror
 12693 | D:11     | Noticed a red ugly thing
 12696 | D:11     | Killed an unseen horror
 12696 | D:11     | Reached skill level 9 in Poison Magic
 12703 | D:11     | Killed a red ugly thing
 12893 | D:11     | Learned a level 5 spell: Venom Bolt
 12957 | D:11     | Noticed Snorg
 12967 | D:11     | Killed Snorg
 13073 | D:11     | Reached skill level 5 in Armour
 13118 | D:11     | Found a shadowy altar of Dithmenos.
 13659 | D:12     | Noticed a two-headed ogre
 13667 | D:12     | Killed a two-headed ogre
 13729 | D:12     | Noticed Kirke
 13768 | D:12     | Killed Kirke
 13768 | D:12     | Reached skill level 5 in Fighting
 13997 | D:12     | Noticed a two-headed ogre
 14012 | D:12     | Killed a two-headed ogre
 14654 | D:12     | Noticed a six-headed hydra
 14660 | D:12     | Killed a six-headed hydra
 14660 | D:12     | Gained mutation: You sometimes gain power by taking damage. [demonic ancestry]
 14660 | D:12     | Reached XP level 12. HP: 86/86 MP: 25/25
 14705 | D:12     | Noticed zetsub0u's ghost (journeyman HOFi)
 14711 | D:12     | Reached skill level 5 in Conjurations
 14746 | D:12     | Killed zetsub0u's ghost
 16106 | D:13     | Reached ****** piety under Makhleb
 16366 | D:13     | Noticed a centaur warrior
 16367 | D:13     | Noticed a tengu warrior
 16367 | D:13     | Noticed a tengu warrior
 16367 | D:13     | Noticed a tengu warrior
 16827 | D:13     | Noticed a two-headed ogre
 16836 | D:13     | Killed a two-headed ogre
 17126 | D:13     | Noticed Erolcha
 17130 | D:13     | Killed Erolcha
 17521 | D:13     | Reached skill level 10 in Poison Magic
 17546 | D:13     | HP: 1/87 [cyan ugly thing (15)]
 17892 | D:14     | Noticed a centaur warrior
 17896 | D:14     | Noticed a six-headed hydra
 17911 | D:14     | Reached skill level 5 in Stealth
 17965 | D:14     | Got a crystal long sword
 17971 | D:14     | Identified the cursed +1 long sword of Might {protect, rF++} (You found it on level 14 of the Dungeon)
 18210 | D:14     | Identified the +4 ring mail of Heresy {Slay+3 SInv} (You found it on level 11 of the Dungeon)
 18477 | D:14     | Noticed Nessos
 18486 | D:14     | Shot with an arrow by Nessos

Skill      XL: |  1  2  3  4  5  6  7  8  9 10 11 12 |
---------------+-------------------------------------+-----
Stealth        | 2 3 4 5 |  5.0
Dodging        | 2 3 4 |  4.9
Poison Magic   | 4 5 6 7 8 9 10 | 10.2
Spellcasting   | 3 5 6 7 9 |  9.8
Conjurations   | 2 3 4 5 |  5.6
Maces & Flails | 1 |  1.7
Throwing       | 1 |  1.8
Fighting       | 1 2 3 4 5 |  5.7
Evocations     | 1 2 |  2.6
Staves         | 2 4 5 6 7 |  7.2
Armour         | 1 3 4 5 6 |  6.6
Invocations    | 1 |  1.5
Hexes          | 1 2 |  2.4
Necromancy     | 1 |  1.2
Charms         | |  0.7
Air Magic      | |  0.7

Action                   |  1- 3 |  4- 6 |  7- 9 | 10-12 || total
-------------------------+-------+-------+-------+-------++-------
Melee: Whip              |     7 |     8 |    28 |       ||    43
       Quarterstaff      |       |       |   166 |   149 ||   315
       Staff             |       |       |       |   488 ||   488
Throw: Stone             |     2 |     8 |       |       ||    10
       Tomahawk          |       |     5 |     7 |    11 ||    23
 Cast: Sting             |    32 |    33 |   152 |   116 ||   333
       Olgreb's Toxic Ra |       |     1 |    27 |    54 ||    82
       Dazzling Spray    |       |       |     5 |    26 ||    31
       Tukima's Dance    |       |       |     5 |     5 ||    10
       Regeneration      |       |       |     3 |     5 ||     8
       Poisonous Vapours |       |       |       |    11 ||    11
       Venom Bolt        |       |       |       |    46 ||    46
Invok: Minor Destruction |       |       |     2 |       ||     2
       Lesser Servant of |       |       |       |     1 ||     1
Evoke: Wand              |       |     4 |    10 |    43 ||    57
  Use: Scroll            |     6 |     2 |    18 |    19 ||    45
       Potion            |     1 |     2 |     4 |    14 ||    21
 Stab: Paralysed         |       |       |     4 |     2 ||     6
       Sleeping          |       |       |     2 |     5 ||     7
       Confused          |       |       |     1 |     1 ||     2
       Invisible         |       |       |     1 |     1 ||     2
       Distracted        |       |       |       |     2 ||     2
  Eat: Chunk             |     1 |       |     2 |     3 ||     6
       Ration            |       |     2 |     6 |    14 ||    22
Armor: Robe              |     2 |     3 |    25 |       ||    30
       Ring mail         |       |       |    86 |   275 ||   361
Dodge: Dodged            |     8 |    11 |   133 |   384 ||   536
Block: Other             |       |       |     3 |       ||     3
